 Dungeon Crawl Stone Soup version 0.29.1-12-g30fa7ad0bf (webtiles) character file.

Game seed: 8141036545272476066

93 booth the Chopper (level 4, -9/34 HPs)
             Began as a Demonspawn Gladiator on Dec 24, 2022.
             Killed by divine providence
             ... invoked by an orc priest
              (16 damage)
             ... on level 3 of the Dungeon.
             The game lasted 00:13:16 (2148 turns).

booth the Chopper (Demonspawn Gladiator)            Turns: 2148, Time: 00:13:17

Health: -9/34      AC:  6    Str: 20    XL:     4   Next: 37%
Magic:  4/4        EV: 12    Int: 10    God:
Gold:   118        SH:  4    Dex: 14    Spells: 3/3 levels left

rFire   . . .      SeeInvis .   a - +0 war axe (spect)
rCold   + . .      Faith    .   (no shield)
rNeg    . . .      Spirit   .   m - +2 leather armour of Beogh's Hatred {Str+4}
rPois   .          Reflect  .   c - +0 helmet
rElec   .          Harm     .   (no cloak)
rCorr   .          Rampage  .   (no gloves)
Will    .....                   (no boots)
Stlth   +.........              (no amulet)
HPRegen 0.11/turn               l - ring of protection from cold
MPRegen 0.09/turn               (no ring)

@: no status effects
A: condensation shield
a: no special abilities


You were on level 3 of the Dungeon.
You visited 1 branch of the dungeon, and saw 3 of its levels.

You collected 118 gold pieces.

Inventory:

Hand Weapons
 a - a +0 spectral war axe (weapon)
 h - a +0 flail
 j - a +0 trident
Missiles
 d - 3 throwing nets (quivered)
 e - a javelin
 g - 11 poisoned darts
Armour
 c - a +0 helmet (worn)
 m - the +2 leather armour of Beogh's Hatred (worn) {Str+4}
   (You found it on level 2 of the Dungeon)

   Str:       It affects your strength (+4).
Jewellery
 l - a ring of protection from cold (left hand)
Scrolls
 b - a scroll of teleportation
 o - a scroll of blinking {unknown}
 q - a scroll of fear {unknown}
Potions
 f - 2 potions of lignification
 i - a potion of brilliance
 k - a potion of curing
 n - a potion of invisibility {unknown}


   Skills:
 + Level 2.3 Fighting
 + Level 3.6 Axes
 + Level 1.9 Throwing
 * Level 1.8 Armour
 + Level 3.0 Dodging
 + Level 0.3 Stealth
 + Level 0.2 Shields


You had 3 spell levels left.
You didn't know any spells.
Your spell library contained the following spells:

 Spells                   Type           Power      Damage    Failure   Level
 Blink                    Tloc           0%         N/A       54%         2
 Lesser Beckoning         Tloc           0%         N/A       78%         3
 Alistair's Intoxication  Tmut/Pois      0%         N/A       100%        5
 Borgnjor's Vile Clutch   Necr/Erth      0%         N/A       100%        5
 Manifold Assault         Tloc           0%         N/A       100%        5
 Eringya's Noxious Bog    Tmut/Pois      0%         N/A       100%        6


Dungeon Overview and Level Annotations

Branches:
Dungeon (3/15)

Altars:


Innate Abilities, Weirdness & Mutations

A meltable shield of frost defends you. (SH +4)


Message History

(D) Dungeon
Where to? (Enter - D:2, ? - help)
An adder comes into view.
The adder hisses angrily.
You barely miss the adder.
Your +0 spectral war axe hits the adder!
You kill the adder!
There is a stone staircase leading down here.
You climb downwards.
Found a cloak and 15 gold pieces.
There is a stone staircase leading up here.
An orc wizard comes into view. It is wielding a +0 dagger.
Found a stone staircase leading down.
The orc shouts! x2; You hear a shout!
You hear an angry hiss.
An orc priest comes into view. It is wielding a +0 falchion.
The orc wizard shouts!
You barely miss the orc.
Your +0 spectral war axe hits the orc!
You kill the orc!
An adder comes into view.
Your Dodging skill increases to level 3!
The orc priest looks braver for a moment.
The orc priest calls down the wrath of Beogh upon you.
Pain shoots through your body! The orc priest misses you.
You see here a +0 club.
You slash the orc priest!
The orc priest is severely wounded.
The orc priest hits you with a +0 falchion.
You hit the orc priest.
The orc priest is almost dead.
The orc priest hits you with a +0 falchion.
The orc priest mumbles some strange prayers to Beogh against you.
Beogh smites you!
* * * LOW HITPOINT WARNING * * *
There is a stone staircase leading up here.
You barely miss the orc.
Your +0 spectral war axe hits the orc!
You kill the orc!
The orc priest mumbles some strange prayers to Beogh against you.
Beogh smites you!
You die...

# ### .. ..#
.. ..# ##.
#.# ##.>.
##.#
......##.(###
.....oo)S@..#
......##..#.#
..... #...#..
..#. #..#.#.#
. # ...[#$...
##..#.#.###
#....#.# #...
. #


You could see an orc priest, an orc wizard, an adder and a friendly +0 spectral
war axe (summoned).

Vanquished Creatures
  A gnoll (D:1)
  2 adders (D:2)
  3 dart slugs (D:1)
  2 orcs (D:3)
  7 ball pythons
  6 endoplasms
  11 giant cockroaches
  5 goblins
  5 hobgoblins
  3 kobolds
  A quokka (D:1)
  A bat (D:2)
  3 frilled lizards (D:2)
  2 rats (D:1)
52 creatures vanquished.

Notes
Turn   | Place    | Note
-------+----------+-------------------------------------------
     0 | D:1      | booth the Demonspawn Gladiator began the quest for the Orb.
     0 | D:1      | Reached XP level 1. HP: 16/16 MP: 1/1
   256 | D:1      | Gained mutation: A meltable shield of frost defends you.
                  | (SH +4) [demonic ancestry]
   256 | D:1      | Reached XP level 2. HP: 8/22 MP: 2/2
   812 | D:1      | Reached skill level 1 in Armour
   917 | D:1      | Reached XP level 3. HP: 27/27 MP: 3/3
  1343 | D:2      | Found a faded altar of an unknown god.
  1664 | D:2      | Identified the +2 leather armour of Beogh's Hatred {Str+4}
  1968 | D:2      | Reached XP level 4. HP: 28/33 MP: 4/4
  2148 | D:3      | Killed from afar by an orc priest

Illustrated notes

Levels and vault maps discovered:
D:1:      amcnicky_arrival_double_pillar, layout_basic
D:2:      minmay_roachtagon, layout_loops_ring,
          ebering_ecumenical_altar_abandoned, grunt_decor_one_mirror
D:3:      layout_loops_ring, nicolae_eternal_life

Skill      XL: |  1  2  3  4 |
---------------+-------------+-----
Axes           | 3 |  3.6
Armour         | 1 |  1.8
Dodging        | 3 |  3.0
Fighting       | |  2.3
Throwing       | |  1.9
Stealth        | |  0.3
Shields        | |  0.2

Action                   |  1- 3 |  4- 6 || total
-------------------------+-------+-------++-------
Melee: War axe           |   102 |    15 ||   117
       Punch             |     1 |       ||     1
  Use: Scroll            |     9 |     1 ||    10
 Stab: Sleeping          |     1 |       ||     1
Armor: Leather armour    |    16 |     3 ||    19
Dodge: Dodged            |    58 |     3 ||    61
Block: Other             |    17 |     1 ||    18
